 Dungeon Crawl Stone Soup version 0.31-a0-986-g5e6e4ef867 (webtiles) character file.

Game seed: 7992099820360712920

1810 Lobster4 the Conjurer (level 8, 0/70 HPs)
             Began as a Pale Draconian Conjurer on Nov 6, 2023.
             Was an Initiate of Vehumet.
             Slain by a yak (4 damage)
             ... on level 5 of the Dungeon.
             The game lasted 00:18:50 (7982 turns).

Lobster4 the Conjurer (Pale Draconian Conjurer)     Turns: 7982, Time: 00:18:51

Health: 0/70       AC:  7    Str: 11    XL:     8   Next: 84%
Magic:  0/16       EV: 13    Int: 18    God:    Vehumet [......]
Gold:   159        SH:  0    Dex: 11    Spells: 14/17 levels left

rFire   . . .        c - +0 short sword
rCold   . . .        (no shield)
rNeg    . . .        (body armour unavailable)
rPois   .            (helmet restricted)
rElec   .            (no cloak)
rCorr   .            A - +0 pair of gloves
SInv    .            (no boots)
Will    .....        (no amulet)
Stlth   ++           p - ring of flight
HPRegen 0.31/turn    (no ring)
MPRegen 0.15/turn

%: no passive effects
@: flying
A: breathe steam, AC +6, unfitting armour, cold-blooded, steam resistance
a: Breathe Steam, Renounce Religion


You were on level 5 of the Dungeon.
You worshipped Vehumet.
Vehumet was noncommittal.
You visited 2 branches of the dungeon, and saw 6 of its levels.
You also visited: Sewer.

You collected 159 gold pieces.

Inventory:

Hand Weapons
 a - a +0 hand axe
 b - a +0 sling
 c - a +0 short sword (weapon)
 q - a +0 flail
 r - a +0 dagger
 E - a +0 lajatang
Missiles
 f - 9 boomerangs
Armour
 A - a +0 pair of gloves (worn)
Magical Staves
 d - a staff of cold
Jewellery
 o - an amulet of regeneration
 p - a ring of flight (left hand)
Wands
 D - a wand of roots (7)
Scrolls
 g - 2 scrolls of teleportation {unknown}
 j - 2 scrolls of immolation {unknown}
 k - a scroll of torment {unknown}
 m - 3 scrolls of revelation {unknown}
 n - 2 scrolls of amnesia {unknown}
 t - a scroll of summoning {unknown}
 u - 2 scrolls of enchant armour {unknown}
 w - a scroll of enchant weapon {unknown}
 y - a scroll of vulnerability {unknown}
 z - a scroll of noise {unknown}
 C - 2 scrolls of poison {unknown}
Potions
 e - 2 potions of degeneration {unknown}
 h - a potion of ambrosia {unknown}
 i - a potion of enlightenment {unknown}
 l - a potion of haste
 s - a potion of magic
 v - a potion of heal wounds {unknown}
 x - 2 potions of curing {unknown}
 B - a potion of lignification {unknown}
 F - a potion of resistance {unknown}


   Skills:
 + Level 6.1 Fighting
 - Level 5.0 Dodging
 - Level 2.0 Stealth
 + Level 5.4 Spellcasting
 + Level 6.8 Conjurations
 - Level 3.0 Evocations


You had 14 spell levels left.
You knew the following spells:

 Your Spells              Type           Power      Damage    Failure   Level
a - Magic Dart            Conj           100%       1d8       1%          1
b - Searing Ray           Conj           58%        2d6       1%          2

Your spell library contained the following spells:

 Spells                   Type           Power      Damage    Failure   Level
 Dazzling Flash           Conj/Hex       34%        N/A       10%         3
 Wereblood                Tmut           4%         N/A       19%         2
 Fulminant Prism          Conj/Hex       8%         3d6       30%         4
 Iskenderun's Mystic Bla  Conj/Tloc      17%        2d5       30%         4
 Irradiate                Conj/Tmut      8%         3d14      65%         5


Dungeon Overview and Level Annotations

Branches:
Dungeon (5/15)             Temple (1/1) D:4           Sewer (visited)

Altars:
Ashenzari
Cheibriados
Dithmenos
Fedhas
Gozag
Hepliaklqana
Kikubaaqudgha
Makhleb
Nemelex Xobeh
Qazlal
Ru
Sif Muna
Trog
Uskayaw
Vehumet
Xom
The Shining One

Shops:
D:1 (

Annotations:
D:3 1 runed translucent door, baller8008's ghost, weakling DECj
D:5 Dowan


Innate Abilities, Weirdness & Mutations

You can breathe blasts of scalding, opaque steam.
Your pale cyan-grey scales are hard. (AC +6)
You cannot fit into any form of body armour.
You are cold-blooded and may be slowed by cold attacks.
You are immune to the effects of steam.


Message History

You barely miss the yak.
The yak is severely wounded.
The yak gores you!
You hit the yak but do no damage. You tail-slap the yak.
The yak is severely wounded.
The yak barely misses you.
You hit the yak but do no damage.
The yak is severely wounded.
The yak gores you.
You hit the yak but do no damage.
The yak is severely wounded.
The yak gores you!
You closely miss the yak.
Your tail-slap misses the yak.
The yak is severely wounded.
The yak gores you!
* * * LOW HITPOINT WARNING * * *
Casting: Searing Ray (safe; 1% risk of failure)
Confirm with . or Enter, or press ? or * to list all spells.
Aiming: Searing Ray (safe; 1% risk of failure)
Press: ? - help, Shift-Dir - straight line, f/p - yak
Aim: a yak (severely wounded, 87% to hit)
The searing ray hits the yak but does no damage.
The yak is severely wounded. (Press . to maintain the ray.)
The yak gores you but does no damage.
The searing ray hits the yak!
The yak is almost dead.
The yak gores you but does no damage.
You closely miss the yak.
You tail-slap the yak, but do no damage.
The yak is almost dead.
The yak gores you!
* * * LOW HITPOINT WARNING * * *
You hit the yak.
The yak is almost dead.
The yak closely misses you.
You hit the yak but do no damage.
The yak is almost dead.
The yak gores you.
You die...

################ #.#
#..............# #.#
#.#########....# #.# ..##<##
#.....# #.# .Y....####.....# #.#
#.#...#....#'#.# ###.#
#.#..........#.# #.#.#
#..........#.#.########.#.#######
#.##....†......Y@).............>#
#.###.####.###.########.#######.#
### #.#....#..... #.# #.# #
#.#.##.#. .#># #.# #.# #
#)#.##.#####.# #.# #.# #
#.#.##.......# #.# #.# #
#†#.##..###### #.# #.# #
#.#.###.###########.# #.# #
#.#.................# #.#


You could see a yak.

Vanquished Creatures
  Prince Ribbit (D:5)
  4 yaks (D:5)
  2 ice beasts (D:5)
  2 ogres (D:5)
  A phantom (D:5)
  2 bullfrogs (Sewer)
  A scorpion (D:5)
  A jelly (D:5)
  4 iguanas
  An orc wizard (D:4)
  11 adders
  A shadow imp (D:5)
  A white imp (D:5)
  2 ufetubi (D:5)
  3 worms
  A dart slug (D:1)
  7 orcs
  17 ball pythons
  A bat (D:2)
  19 endoplasms
  8 giant cockroaches
  4 goblins
  7 hobgoblins
  11 quokkas
  6 frilled lizards
  6 kobolds
  6 rats
130 creatures vanquished.

Notes
Turn   | Place    | Note
-------+----------+-------------------------------------------
     0 | D:1      | Lobster4 the Draconian Conjurer began the quest for the
                  | Orb.
     0 | D:1      | Reached XP level 1. HP: 14/14 MP: 3/3
   308 | D:1      | Reached XP level 2. HP: 22/22 MP: 1/5
   409 | D:1      | Found Tagad's Weapon Shop.
   750 | D:1      | Reached skill level 1 in Fighting
  1203 | D:1      | Reached XP level 3. HP: 28/28 MP: 4/6
  1518 | D:2      | Learned a level 2 spell: Searing Ray
  2592 | D:3      | Reached XP level 4. HP: 36/36 MP: 2/7
  2712 | D:3      | Found a glowing drain.
  2721 | Sewer    | Entered a sewer
  3253 | Sewer    | Reached XP level 5. HP: 41/41 MP: 5/9
  3816 | Sewer    | Reached skill level 5 in Conjurations
  3816 | Sewer    | Reached XP level 6. HP: 44/51 MP: 2/11
  4161 | D:3      | Noticed baller8008's ghost (weakling DECj)
  4165 | D:3      | Found a runed translucent door.
  5336 | D:4      | Found a staircase to the Ecumenical Temple.
  5349 | Temple   | Entered the Ecumenical Temple
  5357 | Temple   | Became a worshipper of Vehumet
  6002 | D:5      | Entered Level 5 of the Dungeon
  6002 | D:5      | Noticed an ice beast
  6110 | D:5      | Reached skill level 1 in Evocations
  6220 | D:5      | Your scales start taking on a pale cyan-grey colour.
  6220 | D:5      | Reached XP level 7. HP: 57/57 MP: 3/12
  6220 | D:5      | Gained mutation: You are immune to the effects of steam.
                  | [Pale Draconian growth]
  6322 | D:5      | Found a burning altar of Makhleb.
  6481 | D:5      | Noticed Dowan
  6581 | D:5      | Noticed Prince Ribbit
  6595 | D:5      | Killed Prince Ribbit
  6966 | D:5      | Reached XP level 8. HP: 67/67 MP: 8/14
  7216 | D:5      | Reached skill level 5 in Fighting
  7219 | D:5      | Reached skill level 5 in Dodging
  7219 | D:5      | Reached skill level 5 in Spellcasting
  7980 | D:5      | HP: 3/70 [yak (7)]
  7982 | D:5      | Slain by a yak

Illustrated notes

Levels and vault maps discovered:
D:1:      lemuel_arrival_tunnels, layout_basic, serial_shops,
          nicolae_shop_bloodbath_and_beyond
D:2:      layout_loops_ring, hangedman_abyss_or_decor_stabs,
          minmay_misc_feat_room
D:3:      layout_basic, hellmonk_ghost_happy_afterlife, portal_sewer_entry_d,
          kennysheep_nondescript
D:4:      layout_cave_pods, minmay_temple_entry_glassed_door,
          grunt_decor_fettered
D:5:      layout_basic, lightli_temple_of_fire, uniq_crazy_yiuf_cottage,
          uniq_prince_ribbit1, uniq_duvessa
Temple:   lightli_temple_of_artemis

Skill      XL: |  1  2  3  4  5  6  7  8 |
---------------+-------------------------+-----
Stealth        | 2 |  2.0
Dodging        | 2 3 4 5 |  5.0
Fighting       | 1 2 3 4 6 |  6.1
Spellcasting   | 3 4 5 |  5.4
Conjurations   | 5 6 |  6.8
Evocations     | 1 2 3 |  3.0

Action                     |  1- 3 |  4- 6 |  7- 9 || total
---------------------------+-------+-------+-------++-------
  Melee: Short sword       |    21 |    23 |    20 ||    64
         Tailslap          |     1 |     1 |     4 ||     6
  Throw: Boomerang         |       |     1 |       ||     1
         Dart              |       |       |    13 ||    13
         Throwing net      |       |       |     1 ||     1
   Cast: Magic Dart        |    87 |   149 |    39 ||   275
         Searing Ray       |       |    13 |    23 ||    36
    Use: Scroll            |     1 |       |       ||     1
         Potion            |       |       |     1 ||     1
 Armour: Skin              |    19 |    26 |    31 ||    76
  Dodge: Dodged            |    17 |    25 |    32 ||    74

Table legend: (Time is in decaauts)
 A = Elapsed time spent in this place.
 B = Non-inter-level travel time spent in this place.
 C = Inter-level travel time spent in this place.
 D = Time resting spent in this place.
 E = Time spent auto-exploring this place.
 F = Levels seen in this place.
 G = Mean time per level.
                   A        B        C        D        E       F      G
               +--------+--------+--------+--------+--------+-----+--------+
         Total |   7967 |   7737 |    230 |   1781 |   4971 |   7 | 1138.1 |
       Dungeon |   6774 |   6544 |    230 |   1186 |   4603 |   5 | 1354.8 |
        Temple |     16 |     16 |      0 |      0 |      0 |   1 |   16.0 |
         Sewer |   1175 |   1175 |      0 |    595 |    368 |   1 | 1175.0 |
               +--------+--------+--------+--------+--------+-----+--------+

Top non-repeatable levels by time:
     D:5: 1697 daAuts
     D:4: 1565 daAuts
     D:1: 1452 daAuts
   Sewer: 1175 daAuts
     D:2: 1082 daAuts
     D:3: 976 daAuts
  Temple: 16 daAuts
